 Dungeon Crawl Stone Soup version 0.31-a0-1074-g0b22e4e0f1 (webtiles) character file.

Game seed: 6408078977821746268

70 kae the Vexing (level 4, -2/32 HPs)
             Began as a Demonspawn Enchanter on Nov 24, 2023.
             Slain by a gnoll
             ... wielding a +0 spear
              (5 damage)
             ... on level 3 of the Dungeon on Nov 26, 2023.
             The game lasted 00:02:32 (2676 turns).

kae the Vexing (Demonspawn Enchanter)               Turns: 2676, Time: 00:02:33

Health: -2/32      AC:  3    Str:  8    XL:     4   Next: 3%
Magic:  7/7        EV:  6    Int: 18    God:
Gold:   79         SH:  0    Dex: 14    Spells: 2/7 levels left

rFire   . . .        i - +3 dagger (venom)
rCold   . . .        (no shield)
rNeg    . . .        b - +1 robe
rPois   .            (helmet restricted)
rElec   .            (no cloak)
rCorr   .            (no gloves)
SInv    .            (no boots)
Will    .....        (no amulet)
Stlth   ++           (no ring)
HPRegen 0.25/turn    (no ring)
MPRegen 0.10/turn

%: no passive effects
@: attractive, held
A: horns 2
a: no special abilities


You were on level 3 of the Dungeon.
You visited 1 branch of the dungeon, and saw 3 of its levels.

You collected 79 gold pieces.


Innate Abilities, Weirdness & Mutations

You have a pair of horns on your head.


   Skills:
 + Level 1.2 Fighting
 * Level 1.9 Short Blades
 - Level 2.0 Dodging
 + Level 3.0 Stealth
 + Level 2.2 Spellcasting
 + Level 3.3 Hexes
 * Level 1.0 Ice Magic


You had 2 spell levels left.
You knew the following spells:

 Your Spells              Type           Power      Damage    Failure   Level
a - Ensorcelled Hibernat  Hex/Ice        18%        N/A       11%         2
b - Confusing Touch       Hex            14%        N/A       14%         3

Your spell library contained the following spells:

 Spells                   Type           Power      Damage    Failure   Level
 Tukima's Dance           Hex            14%        N/A       14%         3
 Dazzling Flash           Conj/Hex       16%        N/A       26%         3

Inventory:

Hand Weapons
 a - a +1 dagger
 i - a +3 dagger of venom (weapon)
   (You took it off a kobold on level 1 of the Dungeon)
Missiles
 e - 9 stones
 k - 3 javelins
Armour
 b - a +1 robe (worn)
Scrolls
 g - a scroll of vulnerability {!r!r}
 j - a scroll of fog {unknown}
 l - a scroll of identify {@r1}
 n - 2 scrolls of teleportation {@r4}
Potions
 c - 2 potions of invisibility
 d - a potion of ambrosia {unknown}
 f - a potion of mutation {!q}
 m - a potion of curing {unknown}
 o - a potion of magic {unknown}
 p - a potion of haste {unknown}

Dungeon Overview and Level Annotations

Branches:
Dungeon (3/15) Zot: 15331

Altars:

##########
##.........#
.........# #.....#
#.........# .#...##..#
#.....# #.........#
.#...###.# #...>.#
#.........# .##..###.#
#.....# #.........#
###......#
#.....#########.#.# #
##.....#
####g.g..##.....##.#..
# ###...#
#...gg...##.....##....
# ####.#
#....@...##........#.#
####....#
#........##......#.#.#
##.......#
#........##......#.#.#
.........#
#........##......#.#.#
.........#
#........##......#.#..
####.###.#
#........####...##'###
##.†)# #.#
#####.####....###.....
#....# #.#
#.###......##.....
#....###.#
#.##.......##.....


You could see 4 gnolls.


Message History

No target in view!
A frilled lizard, a goblin and a hobgoblin come into view.
There are monsters nearby!
A bat comes into view.
The bat hits you but does no damage.
There are monsters nearby!
The frilled lizard hisses angrily.
The hobgoblin shouts!
The goblin shouts!
The bat hits you but does no damage.
You closely miss the bat. The bat closely misses you. The bat hits you.
The frilled lizard bites you. 😕 HP[-2]
You take 2 damage, and now have 24/26 hp.
You hit the frilled lizard but do no damage.
The frilled lizard is poisoned.
Your headbutt misses the frilled lizard.
You kill the frilled lizard!
The bat barely misses you. The bat hits you but does no damage.
You hit the hobgoblin.
The hobgoblin is poisoned.
The bat closely misses you.
The hobgoblin hits you but does no damage.
There are monsters nearby!
You barely miss the hobgoblin. The bat closely misses you.
The hobgoblin hits you but does no damage.
You hit the hobgoblin.
The hobgoblin looks as sick as possible!
The hobgoblin closely misses you.
The goblin hits you with a +0 club. 😕 HP[-2]
You take 2 damage, and now have 22/26 hp.
You hit the hobgoblin.
You kill the hobgoblin!
The bat hits you but does no damage. The goblin misses you.
Your Stealth skill increases to level 3!
You have reached level 4!
You feel agile. 😕 HP[+5] MP[+1]
You now have 32 max hp (+6).
You regained 5 hp, and now have 27/32 hp.
Your mp is fully restored (7).
You closely miss the bat. The bat hits you but does no damage. x2
The goblin hits you with a +0 club.
You barely miss the goblin. You headbutt the goblin.
You kill the goblin!
The bat hits you but does no damage. The bat hits you but does no damage.
You see here a hobgoblin corpse.
You barely miss the bat. Your headbutt misses the bat.
The bat closely misses you. The bat misses you.
You barely miss the bat.
The bat hits you but does no damage. 😕 HP[+1]
Okay, then.
The bat hits you but does no damage.
You hit the bat.
You kill the bat!
No target in view!
No target in view!
No target in view!
No target in view!
p - a purple potion 😎 HP[+4]
Your hp is fully restored (32).
Unknown command.
There is an open door here. 2 gnolls come into view.
A gnoll is wielding a +0 flail.
There are monsters nearby! 2 gnolls come into view.
Found an escape hatch in the floor.
There are monsters nearby!
There are monsters nearby!
The gnoll shouts! x3
The gnoll hits you from afar with a +0 spear.
The gnoll throws a throwing net.
The throwing net hits you.
You become entangled in the net!
You see here a throwing net {=f!f}. 😕 HP[-4]
You take 4 damage, and now have 28/32 hp.
Unknown command.
You struggle against the net.
The gnoll closely misses you.
You tear a large gash into the net.
The gnoll hits you from afar with a +0 spear.
The gnoll hits you with a +0 flail!
* * * LOW HITPOINT WARNING * * *
The gnoll hits you from afar with a +0 spear!
* * * LOW HITPOINT WARNING * * *
😱 HP[-20]
You take 20 damage, and now have 8/32 hp.
MASSIVE DAMAGE!! (PAUSE)
You struggle against the net.
The gnoll hits you from afar with a +0 spear.
* * * LOW HITPOINT WARNING * * *
The gnoll hits you with a +0 club.
* * * LOW HITPOINT WARNING * * *
The gnoll barely misses you. x2 😱 HP[-5]
You take 5 damage, and now have 3/32 hp.
Unknown command.
Okay, then.
It was a potion of attraction.
You feel attractive to monsters.
The gnoll hits you from afar with a +0 spear.
You die...

Skill      XL: |  1  2  3 |
---------------+----------+-----
Short Blades   | 1 |  1.9
Dodging        | 2 |  2.0
Fighting       | 1 |  1.2
Ice Magic      | 1 |  1.0
Stealth        | 3 |  3.0
Spellcasting   | |  2.2
Hexes          | |  3.3

Action                     |  1- 3 |  4- 6 || total
---------------------------+-------+-------++-------
  Melee: Dagger            |   107 |     5 ||   112
         Headbutt          |    12 |     1 ||    13
   Cast: Ensorcelled Hiber |     3 |       ||     3
    Use: Scroll            |     9 |       ||     9
         Potion            |       |     1 ||     1
   Stab: Sleeping          |    14 |       ||    14
 Armour: Robe              |    61 |    14 ||    75
  Dodge: Dodged            |    71 |     5 ||    76

Levels and vault maps discovered:
D:1:      roderic_chinese_lattice_arrival, layout_loops_corners,
          dreamdust_ecumenical_altar_statues, minivault_24, chequers_mini_garden
D:2:      layout_loops_cross, minmay_worlds_worst_comb
D:3:      minmay_recursive_quarters, layout_basic, minmay_liquid_box

Notes
Turn   | Place    | Note
-------+----------+-------------------------------------------
     0 | D:1      | kae the Demonspawn Enchanter began the quest for the Orb.
     0 | D:1      | Reached XP level 1. HP: 13/13 MP: 3/3
     0 | D:1      | magus.rc [v1.11.3]
    31 | D:1      | Found a faded altar of an unknown god.
   129 | D:1      | Reached skill level 1 in Short Blades
   349 | D:1      | Gained mutation: You have a pair of small horns on your
                  | head. [demonic ancestry]
   349 | D:1      | Reached XP level 2. HP: 20/20 MP: 5/5
   352 | D:1      | Learned a level 2 spell: Ensorcelled Hibernation
   498 | D:1      | HP: 5/20 [hobgoblin (1)]
   958 | D:1      | Reached skill level 2 in Dodging
  1275 | D:2      | Gained mutation: You have a pair of horns on your head.
                  | [demonic ancestry]
  1275 | D:2      | Reached XP level 3. HP: 25/25 MP: 6/6
  1627 | D:2      | Reached skill level 1 in Fighting
  1877 | D:3      | magus.rc [v1.11.3]
  2126 | D:3      | Upgraded the game from 0.31-a0-1068-g5939ac1fb6 to
                  | 0.31-a0-1074-g0b22e4e0f1
  2126 | D:3      | magus.rc [v1.11.3]
  2290 | D:3      | Learned a level 3 spell: Confusing Touch
  2448 | D:3      | Reached skill level 1 in Ice Magic
  2582 | D:3      | Reached skill level 3 in Stealth
  2582 | D:3      | Reached XP level 4. HP: 27/32 MP: 7/7
  2674 | D:3      | HP: 8/32 [gnoll/+0 spear (7)]
  2675 | D:3      | HP: 3/32 [gnoll/+0 club (4)]
  2676 | D:3      | Slain by a gnoll

Vanquished Creatures
  2 adders
  2 dart slugs
  A ball python (D:2)
  6 bats
  2 endoplasms
  7 giant cockroaches
  4 hobgoblins
  3 quokkas (D:1)
  5 frilled lizards
  4 goblins
  4 kobolds
  6 rats
46 creatures vanquished.

Table legend:
 A = Non-vault XP
 B = Vault XP
 C = Vault XP percentage of total XP
 D = Non-vault monster count
 E = Vault monster count
 F = Vault count percentage of total count
                 A         B        C        D         E       F
            +---------+---------+-------+---------+---------+-------
      Total |      69 |      31 |  31.0 |      36 |      10 |  21.7
            +---------+---------+-------+---------+---------+-------
        D:1 |      32 |       0 |   0.0 |      20 |       0 |   0.0
        D:2 |      23 |       6 |  20.7 |       7 |       3 |  30.0
        D:3 |      14 |      25 |  64.1 |       9 |       7 |  43.8
            +---------+---------+-------+---------+---------+-------

Skill      XL: |  1  2  3 |
---------------+----------+-----
Short Blades   | 1 |  1.9
Dodging        | 2 |  2.0
Fighting       | 1 |  1.2
Ice Magic      | 1 |  1.0
Stealth        | 3 |  3.0
Spellcasting   | |  2.2
Hexes          | |  3.3

Action                     |  1- 3 |  4- 6 || total
---------------------------+-------+-------++-------
  Melee: Dagger            |   107 |     5 ||   112
         Headbutt          |    12 |     1 ||    13
   Cast: Ensorcelled Hiber |     3 |       ||     3
    Use: Scroll            |     9 |       ||     9
         Potion            |       |     1 ||     1
   Stab: Sleeping          |    14 |       ||    14
 Armour: Robe              |    61 |    14 ||    75
  Dodge: Dodged            |    71 |     5 ||    76

Illustrated notes

Table legend:
 A = Kills in this place as a percentage of kills in the entire game.
 B = Kills by you in this place as a percentage of kills by you in the entire game.
 C = Kills by friends in this place as a percentage of kills by friends in the entire game.
 D = Other kills in this place as a percentage of other kills in the entire game.
 E = Experience gained in this place as a percentage of experience gained in the entire game.
 F = Experience gained in this place divided by the number of levels of this place that you have seen.
                   A       B       C       D       E      F
               +-------+-------+-------+-------+-------+----------------------
         Total | 100.0 | 100.0 |   N/A |   N/A | 100.0 |  33.3
       Dungeon | 100.0 | 100.0 |   N/A |   N/A | 100.0 |  33.3
               +-------+-------+-------+-------+-------+----------------------

Table legend: (Time is in decaauts)
 A = Elapsed time spent in this place.
 B = Non-inter-level travel time spent in this place.
 C = Inter-level travel time spent in this place.
 D = Time resting spent in this place.
 E = Time spent auto-exploring this place.
 F = Levels seen in this place.
 G = Mean time per level.
                   A        B        C        D        E       F      G
               +--------+--------+--------+--------+--------+-----+--------+
         Total |   2667 |   2610 |     57 |    114 |   2145 |   3 |  889.0 |
       Dungeon |   2667 |   2610 |     57 |    114 |   2145 |   3 |  889.0 |
               +--------+--------+--------+--------+--------+-----+--------+

Top non-repeatable levels by time:
     D:1: 1130 daAuts
     D:3: 796 daAuts
     D:2: 740 daAuts
